 Dungeon Crawl Stone Soup version 0.29.1-13-g9f3cf754e1 (webtiles) character file.

Game seed: 13286115762962300659

4 hawla the Chiller (level 2, -4/20 HPs)
             Began as a Meteoran Ice Elementalist on Jan 26, 2023.
             Slain by Grinder (6 damage)
             ... on level 3 of the Dungeon.
             The game lasted 00:00:57 (113 turns).

hawla the Chiller (Meteoran Ice Elementalist)        Turns: 113, Time: 00:00:57

Health: -4/20      AC:  2    Str:  9    XL:     2   Next: 0%
Magic:  6/6        EV: 12    Int: 16    God:
Gold:   58         SH:  0    Dex: 14    Spells: 5/6 levels left

rFire   . . .      SeeInvis .   c - staff of earth
rCold   . . .      Faith    .   (no shield)
rNeg    . . .      Spirit   .   a - +0 robe
rPois   .          Reflect  .   (no helmet)
rElec   .          Harm     .   (no cloak)
rCorr   .          Rampage  .   (no gloves)
Will    .....                   (no boots)
Stlth   +.........              (no amulet)
HPRegen 0.06/turn               (no ring)
MPRegen 0.10/turn               (no ring)

@: attractive, glowing
A: sense surroundings 1, otherworldly, glowing, explore regen
a: no special abilities


You were on level 3 of the Dungeon.
You visited 1 branch of the dungeon, and saw 3 of its levels.

You collected 58 gold pieces.

Inventory:

Armour
 a - a +0 robe (worn)
Magical Staves
 c - a staff of earth (weapon)
Potions
 b - a potion of magic


   Skills:
 - Level 2.4 Dodging
 - Level 1.4 Stealth
 - Level 2.6 Spellcasting
 - Level 4.3 Ice Magic
 + Level 1.0 Earth Magic
 + Level 1.0 Evocations


You had 5 spell levels left.
You knew the following spells:

 Your Spells              Type           Power      Damage    Failure   Level
a - Freeze                Ice            64%        1d8       3%          1

Your spell library contained the following spells:

 Spells                   Type           Power      Damage    Failure   Level
 Frozen Ramparts          Ice            32%        1d5       10%         3
 Ozocubu's Armour         Ice            16%        N/A       10%         3
 Hailstorm                Conj/Ice       9%         3d4       61%         4


Dungeon Overview and Level Annotations

Branches:
Dungeon (3/15) Zot: 1686

Altars:

Annotations:
D:3 Grinder


Innate Abilities, Weirdness & Mutations

You passively map a small area around you.
You are easily found by Zot.
You glow in the dark.
You regain HP and MP as you explore.


Message History

Unknown command.
c - a staff of earth (weapon)
Found a stone staircase leading down.
Things that are here:
a giant cockroach corpse; a hobgoblin corpse
There is a stone staircase leading down here.
You climb downwards.
Magic restored.
HP restored.
The orc shouts!
There is a stone staircase leading up here.
Casting: Freeze (safe; 3% risk of failure)
Confirm with . or Enter, or press ? or * to list all spells.
Aiming: Freeze (safe; 3% risk of failure)
Press: ? - help, Shift-Dir - straight line, f - orc
Aim: an orc, wielding a +0 club and wearing a +0 scale mail You freeze the orc!
You kill the orc!
Your Earth Magic skill increases to level 1!
Your Evocations skill increases to level 1!
You have reached level 2!
Things that are here:
a +0 club; a +0 scale mail
d - a red potion
Found a hat.
Grinder comes into view.
Grinder shouts!
Found a stone staircase leading up.
You see here 12 gold pieces.
You now have 58 gold pieces (gained 12).
You hit Grinder but do no damage. Grinder hits you.
You hit Grinder.
Grinder is lightly wounded.
Grinder hits you.
You writhe in agony.
You barely miss Grinder.
Grinder is lightly wounded.
Grinder hits you.
* * * LOW HITPOINT WARNING * * *
It was a potion of attraction.
You feel attractive to monsters. Grinder hits you.
You die...

, * *# #.#.# *
#.#<..#.#* , ,
.#...#.. ,
....#.##### * *
.##,#...#......
, ....#...#:...
, , *
.......5..# ,,
.####.@..# #
..........#.# ,,
###.#.#...#.####
#, * ,
#,#.#........#.#
*
#,###.#......#.
#.####....., * *
, ,# #.#<.......
#.#..)####### ,
, #.#.#.# ,


You could see Grinder.

Vanquished Creatures
  An orc (D:3)
  A giant cockroach (D:2)
  A hobgoblin (D:2)
3 creatures vanquished.

Notes
Turn   | Place    | Note
-------+----------+-------------------------------------------
     0 | D:1      | hawla the Meteoran Ice Elementalist began the quest for the
                  | Orb.
     0 | D:1      | Reached XP level 1. HP: 14/14 MP: 5/5
    91 | D:3      | Reached skill level 1 in Earth Magic
    91 | D:3      | Reached skill level 1 in Evocations
    91 | D:3      | Reached XP level 2. HP: 20/20 MP: 4/6
   106 | D:3      | Noticed Grinder
   113 | D:3      | Slain by Grinder

Illustrated notes

Levels and vault maps discovered:
D:1:      lemuel_arrival_room, layout_basic,
          shapermc_ecumenical_altar_rom_forum, minmay_heptomino_o4
D:2:      layout_basic, serial_shops, nicolae_shop_hallway_plus,
          nicolae_shop_trees, nicolae_shop_hallway_stairs,
          nicolae_shop_window_shopping, chequers_serial_rivers_small_b,
          minmay_splitting_lines, roderic_serpentine_path
D:3:      layout_basic, trog_hazing_becter, uniq_grinder, uniq_sigmund

Skill      XL: |  1 |
---------------+----+-----
Earth Magic    | 1 |  1.0
Evocations     | 1 |  1.0
Dodging        | |  2.4
Stealth        | |  1.4
Spellcasting   | |  2.6
Ice Magic      | |  4.3

Action                   || total
-------------------------++-------
Melee: Staff             ||     3
 Cast: Freeze            ||     6
  Use: Scroll            ||     1
       Potion            ||     1
Armor: Robe              ||     1
Dodge: Dodged            ||     3
